 Dungeon Crawl Stone Soup version 0.29.0-4-gdea44cf6ec (webtiles) character file.

Game seed: 7147126247116284771

1195 qw the Cleaver (level 8, 46/46 HPs)
             Began as a Tengu Warper on Aug 28, 2022.
             Quit the game on level 6 of the Dungeon.
             The game lasted 00:02:09 (7193 turns).

qw the Cleaver (Tengu Warper)                       Turns: 7193, Time: 00:02:09

Health: 46/46      AC: 13    Str: 13    XL:     8   Next: 44%
Magic:  12/12      EV: 21    Int: 14    God:
Gold:   407        SH:  0    Dex: 19    Spells: 11/11 levels left

rFire   x . .      SeeInvis .   Y - +4 broad axe (flame)
rCold   . . .      Faith    .   (no shield)
rNeg    . . .      Spirit   +   c - +6 leather armour of the Heavens {rElec rPois rF- Dex+5}
rPois   +          Reflect  .   (helmet restricted)
rElec   +          Harm     .   e - +0 cloak
rCorr   +          Rampage  .   i - +2 pair of gloves
Will    .....                   (boots unavailable)
Stlth   +.........              h - amulet of guardian spirit
HPRegen 0.15/turn               f - +4 ring of evasion
MPRegen 0.13/turn               k - ring of resist corrosion

@: flying quickly and evasively, quick
A: beak, talons 3, nimble flight
a: no special abilities


You were on level 6 of the Dungeon.
You visited 1 branch of the dungeon, and saw 6 of its levels.
You also visited: Ossuary.

You collected 407 gold pieces.


Innate Abilities, Weirdness & Mutations

You have a beak for a mouth.
You have claws for feet.
Your magical nature lets you fly swiftly and evasively.


   Skills:
 - Level 3.1 Fighting
 + Level 8.7 Axes
 - Level 2.0 Throwing
 - Level 3.8 Armour
 - Level 4.7 Dodging
 - Level 2.0 Spellcasting
 - Level 2.4 Translocations


You had 11 spell levels left.
You didn't know any spells.
Your spell library contained the following spells:

 Spells                   Type           Power      Damage    Failure   Level
 Blink                    Tloc           16%        N/A       17%         2
 Gell's Gravitas          Tloc           8%         N/A       32%         3
 Lesser Beckoning         Tloc           8%         N/A       32%         3
 Teleport Other           Tloc           8%         N/A       32%         3
 Manifold Assault         Tloc           8%         N/A       97%         5

Inventory:

Hand Weapons
 Y - a +4 broad axe of flaming (weapon)
Missiles
 t - 7 javelins (quivered)
Armour
 c - the +6 leather armour of the Heavens (worn) {rElec rPois rF- Dex+5}
   (You found it on level 6 of the Dungeon)

   Dex:       It affects your dexterity (+5).
   rF:        It makes you vulnerable to fire.
   rElec:     It insulates you from electricity.
   rPois:     It protects you from poison.
 e - a +0 cloak (worn)
 i - a +2 pair of gloves (worn)
 p - a +0 chain mail
Jewellery
 f - a +4 ring of evasion (left hand)
 h - an amulet of guardian spirit (around neck)
 k - a ring of resist corrosion (right hand)
Scrolls
 b - a scroll of identify
Potions
 a - a potion of curing
 d - a potion of might
 g - 3 potions of resistance
 l - 2 potions of haste
 n - 3 potions of heal wounds
 o - a potion of cancellation

Dungeon Overview and Level Annotations

Branches:
Dungeon (6/15)             Temple (0/1) D:6         Ossuary (visited)

Altars:
Ashenzari
Ru
Trog
Uskayaw


Message History

(D) Dungeon (T) Temple
Where to? (* - list waypoints, Enter - Temple, ? - help) Sorry, I don't know how to get there.
Done exploring.
7186 ||| Stepping randomly (stuck).
(D) Dungeon (T) Temple
Where to? (* - list waypoints, Enter - Temple, ? - help) Sorry, I don't know how to get there.
Done exploring.
7187 ||| Stepping randomly (stuck).
(D) Dungeon (T) Temple
Where to? (* - list waypoints, Enter - Temple, ? - help) Sorry, I don't know how to get there.
Done exploring.
7188 ||| Stepping randomly (stuck).
(D) Dungeon (T) Temple
Where to? (* - list waypoints, Enter - Temple, ? - help) Sorry, I don't know how to get there.
Done exploring.
7189 ||| Stepping randomly (stuck).
(D) Dungeon (T) Temple
Where to? (* - list waypoints, Enter - Temple, ? - help) Sorry, I don't know how to get there.
Done exploring.
7190 ||| Stepping randomly (stuck).
(D) Dungeon (T) Temple
Where to? (* - list waypoints, Enter - Temple, ? - help) Sorry, I don't know how to get there.
Done exploring.
7191 ||| Stepping randomly (stuck).
(D) Dungeon (T) Temple
Where to? (* - list waypoints, Enter - Temple, ? - help) Sorry, I don't know how to get there.
Done exploring.
7192 ||| Stepping randomly (stuck).
(D) Dungeon (T) Temple
Where to? (* - list waypoints, Enter - Temple, ? - help) Sorry, I don't know how to get there.
Done exploring.
Are you sure you want to abandon this character and quit the game? (Confirm with "yes".)

#####.....# #)#
#.#
#####.....#####.#
#.#
..............#.#
##.#
#####.....###.#)#
#..# #.....#
#.#.# #.##
###.### #.#.##
#.# #.# #.#..#
#.# #.#
#.#..####.## #.#
#.#.@....#.# #.#
###.##.####.##
#.# #...##.# #.#
#.# #.####.# #.#
#.# #.# #.# #.#
#.###[####.# #.#
#.##.......# #.#
##
#..........####.#
####
####............#


There were no monsters in sight!

Vanquished Creatures
  Grinder (D:5)
  A steam dragon (D:6)
  An ogre (D:5)
  2 water moccasin zombies (Ossuary)
  A gnoll bouda (D:6)
  2 hounds
  3 jellies
  5 iguanas
  2 orc wizards (D:6)
  2 mummies (Ossuary)
  Robin (D:2)
  5 gnolls (D:6)
  8 adders
  A river rat (D:3)
  2 ufetubi
  5 adder zombies (Ossuary)
  3 worms (D:3)
  2 dart slugs
  14 orcs
  9 endoplasms
  2 giant cockroaches
  12 goblins
  11 hobgoblins
  3 kobolds
  8 quokkas
  5 ball pythons
  2 bats
  3 frilled lizards
  2 gnoll zombies (Ossuary)
  A goblin zombie (D:4)
  7 hobgoblin zombies (Ossuary)
  6 kobold zombies (Ossuary)
  2 orc zombies (Ossuary)
  A quokka zombie (D:4)
  7 rats
142 creatures vanquished.

Notes
Turn   | Place    | Note
-------+----------+-------------------------------------------
     0 | D:1      | qw the Tengu Warper began the quest for the Orb.
     0 | D:1      | Reached XP level 1. HP: 12/12 MP: 4/4
     0 | D:1      | 0 ||| qw: Version: 0.1-a-89-g26bdef1
     0 | D:1      | 0 ||| qw: Game counter: 1993
     0 | D:1      | 0 ||| qw: Always use a shield: true
     0 | D:1      | 0 ||| qw: God list: Okawaru
     0 | D:1      | 0 ||| qw: Allow faded altars: false
     0 | D:1      | 0 ||| qw: Do Orc after D:15 true
     0 | D:1      | 0 ||| qw: Do second Lair branch before Depths: true
     0 | D:1      | 0 ||| qw: Lair rune preference: random
     0 | D:1      | 0 ||| qw: Plans: Normal
     0 | D:1      | 0 ||| PLANNING D:1-11
    67 | D:1      | Found a faded altar of an unknown god.
   156 | D:1      | Reached skill level 3 in Axes
   156 | D:1      | Reached XP level 2. HP: 14/17 MP: 6/6
   391 | D:1      | 391 ||| Stepping ~*~*~tactically~*~*~ (hiding).
   425 | D:1      | 425 ||| Stepping ~*~*~tactically~*~*~ (stealth).
   746 | D:1      | 746 ||| Stepping ~*~*~tactically~*~*~ (stealth).
   766 | D:1      | 766 ||| DROPPING +0 club.
  1083 | D:1      | Reached XP level 3. HP: 18/21 MP: 7/7
  1227 | D:1      | 1227 ||| Stepping ~*~*~tactically~*~*~ (stealth).
  1229 | D:1      | 1229 ||| Stepping ~*~*~tactically~*~*~ (stealth).
  1320 | D:1      | 1320 ||| UPGRADING to +0 cloak.
  1325 | D:1      | 1325 ||| UPGRADING to +0 pair of gloves.
  1330 | D:1      | 1330 ||| UPGRADING to +4 ring of evasion.
  1331 | D:1      | 1331 ||| READING scroll labelled CIOGIB SUJ TAJ.
  1334 | D:1      | 1334 ||| READING scroll labelled BILUZO OWUVU.
  1335 | D:1      | 1335 ||| READING scroll labelled TOFROT DIAKH.
  1335 | D:1      | Identified a scroll of acquirement
  1335 | D:1      | 1335 ||| ACQUIRING +2 broad axe of flaming
  1335 | D:1      | Acquired a +2 broad axe of flaming
  1337 | D:1      | 1337 ||| SWAPPING to +2 broad axe of flaming.
  1338 | D:1      | 1338 ||| DROPPING +0 mace.
  1339 | D:1      | 1339 ||| DROPPING +0 hand axe.
  1340 | D:1      | 1340 ||| DROPPING scroll of blinking.
  1470 | D:2      | 1470 ||| Stepping ~*~*~tactically~*~*~ (stealth).
  1479 | D:2      | Reached skill level 4 in Axes
  1485 | D:2      | 1485 ||| Stepping ~*~*~tactically~*~*~ (stealth).
  1486 | D:2      | 1486 ||| Stepping ~*~*~tactically~*~*~ (stealth).
  1812 | D:2      | 1812 ||| Stepping ~*~*~tactically~*~*~ (stealth).
  1815 | D:2      | Noticed Robin
  1816 | D:2      | 1816 ||| Stepping ~*~*~tactically~*~*~ (hiding).
  1820 | D:2      | 1820 ||| Stepping ~*~*~tactically~*~*~ (hiding).
  1824 | D:2      | Killed Robin
  1825 | D:2      | Reached XP level 4. HP: 25/26 MP: 8/8
  1865 | D:2      | 1865 ||| FLEEEEING.
  1984 | D:2      | 1984 ||| Stepping ~*~*~tactically~*~*~ (stealth).
  1985 | D:2      | 1985 ||| Stepping ~*~*~tactically~*~*~ (stealth).
  1997 | D:2      | 1997 ||| UPGRADING to +3 ring mail.
  2007 | D:2      | 2007 ||| DROPPING +0 leather armour.
  2008 | D:2      | 2008 ||| UPGRADING to amulet of guardian spirit.
  2013 | D:2      | 2013 ||| READING scroll labelled DODOAH TISAA.
  2014 | D:2      | 2014 ||| DRINKING 2 bubbling red potions.
  2015 | D:2      | 2015 ||| DROPPING potion of attraction.
  2038 | D:3      | 2038 ||| PLANNING SEWER
  2041 | D:3      | Found a broken altar of Ashenzari.
  2288 | D:3      | Reached skill level 5 in Axes
  2409 | D:3      | 2409 ||| Stepping ~*~*~tactically~*~*~ (hiding).
  2630 | D:3      | Gained mutation: Your magical nature lets you fly swiftly
                  | and evasively. [Tengu growth]
  2630 | D:3      | Reached XP level 5. HP: 28/30 MP: 7/9
  2636 | D:3      | 2636 ||| RIP SEWER
  2646 | D:3      | 2646 ||| PLANNING D:1-11
  2885 | D:3      | Reached skill level 6 in Axes
  3366 | D:3      | 3366 ||| READING scroll labelled SEETSO OHAJA.
  3367 | D:3      | 3367 ||| DRINKING 2 viscous cyan potions.
  3368 | D:3      | 3368 ||| DRINKING 3 emerald potions.
  3369 | D:3      | 3369 ||| DRINKING 3 metallic puce potions.
  3393 | D:4      | 3393 ||| PLANNING OSSUARY
  3537 | D:4      | 3537 ||| Stepping ~*~*~tactically~*~*~ (hiding).
  3687 | D:4      | Found a sacrificial altar of Ru.
  3694 | D:4      | Reached XP level 6. HP: 35/35 MP: 10/10
  3819 | D:4      | Found a sand-covered staircase.
  3841 | D:4      | 3841 ||| UPGRADING to ring of resist corrosion.
  3842 | D:4      | 3842 ||| READING scroll labelled IMOHUZX JUVAM.
  3843 | D:4      | 3843 ||| DRINKING 2 metallic clear potions.
  3844 | D:4      | 3844 ||| READING 2 scrolls of identify.
  3844 | D:4      | 3844 ||| IDENTIFYING sapphire potion
  3845 | D:4      | 3845 ||| DROPPING potion of magic.
  3846 | D:4      | 3846 ||| DROPPING potion of invisibility.
  3853 | D:4      | 3853 ||| Stepping ~*~*~tactically~*~*~ (stealth).
  3857 | D:4      | 3857 ||| Stepping ~*~*~tactically~*~*~ (stealth).
  3859 | D:4      | 3859 ||| Stepping ~*~*~tactically~*~*~ (stealth).
  3861 | D:4      | 3861 ||| Stepping ~*~*~tactically~*~*~ (stealth).
  3862 | D:4      | 3862 ||| Stepping ~*~*~tactically~*~*~ (stealth).
  3867 | Ossuary  | Entered an ossuary
  3875 | Ossuary  | 3875 ||| Stepping ~*~*~tactically~*~*~ (stealth).
  3910 | Ossuary  | Reached skill level 7 in Axes
  3996 | Ossuary  | Reached skill level 3 in Fighting
  4059 | Ossuary  | 4059 ||| READING scroll of enchant weapon.
  4059 | Ossuary  | 4059 ||| ENCHANTING +3 broad axe of flaming.
  4074 | Ossuary  | 4074 ||| DRINKING 3 orange potions.
  4075 | Ossuary  | 4075 ||| DRINKING 3 dark potions.
  4076 | Ossuary  | 4076 ||| DROPPING 2 potions of brilliance.
  4077 | Ossuary  | 4077 ||| DROPPING 2 potions of flight.
  4083 | D:4      | 4083 ||| PLANNING D:1-11
  4132 | D:5      | Entered Level 5 of the Dungeon
  4137 | D:5      | Identified the +0 robe of Entitlement {rF+ MP+9}
  4238 | D:5      | Reached XP level 7. HP: 41/41 MP: 11/11
  4249 | D:5      | Found a bloodstained altar of Trog.
  4374 | D:5      | 4374 ||| Stepping ~*~*~tactically~*~*~ (stealth).
  4379 | D:5      | Reached skill level 8 in Axes
  4529 | D:5      | Reached skill level 3 in Dodging
  4565 | D:5      | Noticed Grinder
  4572 | D:5      | Killed Grinder
  4573 | D:5      | Reached skill level 3 in Armour
  4929 | D:5      | 4929 ||| DROPPING orb of energy.
  4930 | D:5      | 4930 ||| UPGRADING to +0 chain mail.
  4940 | D:5      | 4940 ||| DROPPING +3 ring mail.
  4941 | D:5      | 4941 ||| READING scroll labelled EHUDEO COBEIREX.
  5050 | D:5      | 5050 ||| READING scroll labelled DAEKKA ABOGE.
  5051 | D:5      | 5051 ||| READING scroll labelled XOOZOUF BAUGI.
  5052 | D:5      | 5052 ||| READING 3 scrolls labelled XIWKEM WOMA.
  5053 | D:5      | 5053 ||| READING 2 scrolls of enchant armour.
  5053 | D:5      | 5053 ||| ENCHANTING +0 pair of gloves.
  5054 | D:5      | 5054 ||| READING scroll of enchant armour.
  5054 | D:5      | 5054 ||| ENCHANTING +1 pair of gloves.
  5055 | D:5      | 5055 ||| READING 2 scrolls labelled SUIQOU DABB.
  5056 | D:5      | 5056 ||| DRINKING 2 golden potions.
  5079 | D:5      | 5079 ||| DROPPING potion of lignification.
  5080 | D:5      | 5080 ||| DROPPING scroll of amnesia.
  5117 | D:6      | Identified the +6 leather armour of the Heavens {rElec
                  | rPois rF- Dex+5}
  5169 | D:6      | Reached XP level 8. HP: 42/46 MP: 12/12
  5281 | D:6      | HP: 8/46 [gnoll/+0 halberd[a gnoll bouda] (6)]
  5282 | D:6      | 5282 ||| READING 4 scrolls of teleportation.
  5283 | D:6      | 5283 ||| DRINKING 4 potions of heal wounds.
  5564 | D:6      | Found a staircase to the Ecumenical Temple.
  5565 | D:6      | 5565 ||| PLANNING TEMPLE
  5565 | D:6      | 5565 ||| UPGRADING to +6 leather armour of the Heavens
                  | {rElec rPois rF- Dex+5}.
  5575 | D:6      | 5575 ||| READING scroll labelled SENUZULOTI.
  5576 | D:6      | 5576 ||| READING 4 scrolls of identify.
  5576 | D:6      | 5576 ||| IDENTIFYING fizzy grey potion
  5577 | D:6      | 5577 ||| READING 3 scrolls of identify.
  5577 | D:6      | 5577 ||| IDENTIFYING brown potion
  5578 | D:6      | 5578 ||| DROPPING potion of degeneration.
  5811 | D:6      | 5811 ||| Stepping ~*~*~tactically~*~*~ (hiding).
  5913 | D:6      | 5913 ||| Stepping ~*~*~tactically~*~*~ (hiding).
  6015 | D:6      | 6015 ||| Stepping ~*~*~tactically~*~*~ (hiding).
  6093 | D:6      | 6093 ||| READING 2 scrolls of identify.
  6093 | D:6      | 6093 ||| IDENTIFYING amethyst potion
  6167 | D:6      | Found a hide-covered altar of Uskayaw.
  6178 | D:6      | 6178 ||| READING 2 scrolls of identify.
  6178 | D:6      | 6178 ||| IDENTIFYING glowing emerald potion
  6179 | D:6      | 6179 ||| READING 3 scrolls of teleportation.
  6184 | D:6      | 6184 ||| READING 2 scrolls of teleportation.
  6188 | D:6      | 6188 ||| READING scroll of teleportation.
  6193 | D:6      | 6193 ||| Stepping randomly (stuck).
  6194 | D:6      | 6194 ||| Stepping randomly (stuck).
  6195 | D:6      | 6195 ||| Stepping randomly (stuck).
  6196 | D:6      | 6196 ||| Stepping randomly (stuck).
  6197 | D:6      | 6197 ||| Stepping randomly (stuck).
  6198 | D:6      | 6198 ||| Stepping randomly (stuck).
  6199 | D:6      | 6199 ||| Stepping randomly (stuck).
  6200 | D:6      | 6200 ||| Stepping randomly (stuck).
  6201 | D:6      | 6201 ||| Stepping randomly (stuck).
  6202 | D:6      | 6202 ||| Stepping randomly (stuck).
  6203 | D:6      | 6203 ||| Stepping randomly (stuck).
  6204 | D:6      | 6204 ||| Stepping randomly (stuck).
  6205 | D:6      | 6205 ||| Stepping randomly (stuck).
  6206 | D:6      | 6206 ||| Stepping randomly (stuck).
  6207 | D:6      | 6207 ||| Stepping randomly (stuck).
  6208 | D:6      | 6208 ||| Stepping randomly (stuck).
  6209 | D:6      | 6209 ||| Stepping randomly (stuck).
  6210 | D:6      | 6210 ||| Stepping randomly (stuck).
  6211 | D:6      | 6211 ||| Stepping randomly (stuck).
  6212 | D:6      | 6212 ||| Stepping randomly (stuck).
  6213 | D:6      | 6213 ||| Stepping randomly (stuck).
  6214 | D:6      | 6214 ||| Stepping randomly (stuck).
  6215 | D:6      | 6215 ||| Stepping randomly (stuck).
  6216 | D:6      | 6216 ||| Stepping randomly (stuck).
  6217 | D:6      | 6217 ||| Stepping randomly (stuck).
  6218 | D:6      | 6218 ||| Stepping randomly (stuck).
  6219 | D:6      | 6219 ||| Stepping randomly (stuck).
  6220 | D:6      | 6220 ||| Stepping randomly (stuck).
  6221 | D:6      | 6221 ||| Stepping randomly (stuck).
  6222 | D:6      | 6222 ||| Stepping randomly (stuck).
  6223 | D:6      | 6223 ||| Stepping randomly (stuck).
  6224 | D:6      | 6224 ||| Stepping randomly (stuck).
  6225 | D:6      | 6225 ||| Stepping randomly (stuck).
  6226 | D:6      | 6226 ||| Stepping randomly (stuck).
  6227 | D:6      | 6227 ||| Stepping randomly (stuck).
  6228 | D:6      | 6228 ||| Stepping randomly (stuck).
  6229 | D:6      | 6229 ||| Stepping randomly (stuck).
  6230 | D:6      | 6230 ||| Stepping randomly (stuck).
  6231 | D:6      | 6231 ||| Stepping randomly (stuck).
  6232 | D:6      | 6232 ||| Stepping randomly (stuck).
  6233 | D:6      | 6233 ||| Stepping randomly (stuck).
  6234 | D:6      | 6234 ||| Stepping randomly (stuck).
  6235 | D:6      | 6235 ||| Stepping randomly (stuck).
  6236 | D:6      | 6236 ||| Stepping randomly (stuck).
  6237 | D:6      | 6237 ||| Stepping randomly (stuck).
  6238 | D:6      | 6238 ||| Stepping randomly (stuck).
  6239 | D:6      | 6239 ||| Stepping randomly (stuck).
  6240 | D:6      | 6240 ||| Stepping randomly (stuck).
  6241 | D:6      | 6241 ||| Stepping randomly (stuck).
  6242 | D:6      | 6242 ||| Stepping randomly (stuck).
  6243 | D:6      | 6243 ||| Stepping randomly (stuck).
  6244 | D:6      | 6244 ||| Stepping randomly (stuck).
  6245 | D:6      | 6245 ||| Stepping randomly (stuck).
  6246 | D:6      | 6246 ||| Stepping randomly (stuck).
  6247 | D:6      | 6247 ||| Stepping randomly (stuck).
  6248 | D:6      | 6248 ||| Stepping randomly (stuck).
  6249 | D:6      | 6249 ||| Stepping randomly (stuck).
  6250 | D:6      | 6250 ||| Stepping randomly (stuck).
  6251 | D:6      | 6251 ||| Stepping randomly (stuck).
  6252 | D:6      | 6252 ||| Stepping randomly (stuck).
  6253 | D:6      | 6253 ||| Stepping randomly (stuck).
  6254 | D:6      | 6254 ||| Stepping randomly (stuck).
  6255 | D:6      | 6255 ||| Stepping randomly (stuck).
  6256 | D:6      | 6256 ||| Stepping randomly (stuck).
  6257 | D:6      | 6257 ||| Stepping randomly (stuck).
  6258 | D:6      | 6258 ||| Stepping randomly (stuck).
  6259 | D:6      | 6259 ||| Stepping randomly (stuck).
  6260 | D:6      | 6260 ||| Stepping randomly (stuck).
  6261 | D:6      | 6261 ||| Stepping randomly (stuck).
  6262 | D:6      | 6262 ||| Stepping randomly (stuck).
  6263 | D:6      | 6263 ||| Stepping randomly (stuck).
  6264 | D:6      | 6264 ||| Stepping randomly (stuck).
  6265 | D:6      | 6265 ||| Stepping randomly (stuck).
  6266 | D:6      | 6266 ||| Stepping randomly (stuck).
  6267 | D:6      | 6267 ||| Stepping randomly (stuck).
  6268 | D:6      | 6268 ||| Stepping randomly (stuck).
  6269 | D:6      | 6269 ||| Stepping randomly (stuck).
  6270 | D:6      | 6270 ||| Stepping randomly (stuck).
  6271 | D:6      | 6271 ||| Stepping randomly (stuck).
  6272 | D:6      | 6272 ||| Stepping randomly (stuck).
  6273 | D:6      | 6273 ||| Stepping randomly (stuck).
  6274 | D:6      | 6274 ||| Stepping randomly (stuck).
  6275 | D:6      | 6275 ||| Stepping randomly (stuck).
  6276 | D:6      | 6276 ||| Stepping randomly (stuck).
  6277 | D:6      | 6277 ||| Stepping randomly (stuck).
  6278 | D:6      | 6278 ||| Stepping randomly (stuck).
  6279 | D:6      | 6279 ||| Stepping randomly (stuck).
  6280 | D:6      | 6280 ||| Stepping randomly (stuck).
  6281 | D:6      | 6281 ||| Stepping randomly (stuck).
  6282 | D:6      | 6282 ||| Stepping randomly (stuck).
  6283 | D:6      | 6283 ||| Stepping randomly (stuck).
  6284 | D:6      | 6284 ||| Stepping randomly (stuck).
  6285 | D:6      | 6285 ||| Stepping randomly (stuck).
  6286 | D:6      | 6286 ||| Stepping randomly (stuck).
  6287 | D:6      | 6287 ||| Stepping randomly (stuck).
  6288 | D:6      | 6288 ||| Stepping randomly (stuck).
  6289 | D:6      | 6289 ||| Stepping randomly (stuck).
  6290 | D:6      | 6290 ||| Stepping randomly (stuck).
  6291 | D:6      | 6291 ||| Stepping randomly (stuck).
  6292 | D:6      | 6292 ||| Stepping randomly (stuck).
  6293 | D:6      | 6293 ||| Stepping randomly (stuck).
  6294 | D:6      | 6294 ||| Stepping randomly (stuck).
  6295 | D:6      | 6295 ||| Stepping randomly (stuck).
  6296 | D:6      | 6296 ||| Stepping randomly (stuck).
  6297 | D:6      | 6297 ||| Stepping randomly (stuck).
  6298 | D:6      | 6298 ||| Stepping randomly (stuck).
  6299 | D:6      | 6299 ||| Stepping randomly (stuck).
  6300 | D:6      | 6300 ||| Stepping randomly (stuck).
  6301 | D:6      | 6301 ||| Stepping randomly (stuck).
  6302 | D:6      | 6302 ||| Stepping randomly (stuck).
  6303 | D:6      | 6303 ||| Stepping randomly (stuck).
  6304 | D:6      | 6304 ||| Stepping randomly (stuck).
  6305 | D:6      | 6305 ||| Stepping randomly (stuck).
  6306 | D:6      | 6306 ||| Stepping randomly (stuck).
  6307 | D:6      | 6307 ||| Stepping randomly (stuck).
  6308 | D:6      | 6308 ||| Stepping randomly (stuck).
  6309 | D:6      | 6309 ||| Stepping randomly (stuck).
  6310 | D:6      | 6310 ||| Stepping randomly (stuck).
  6311 | D:6      | 6311 ||| Stepping randomly (stuck).
  6312 | D:6      | 6312 ||| Stepping randomly (stuck).
  6313 | D:6      | 6313 ||| Stepping randomly (stuck).
  6314 | D:6      | 6314 ||| Stepping randomly (stuck).
  6315 | D:6      | 6315 ||| Stepping randomly (stuck).
  6316 | D:6      | 6316 ||| Stepping randomly (stuck).
  6317 | D:6      | 6317 ||| Stepping randomly (stuck).
  6318 | D:6      | 6318 ||| Stepping randomly (stuck).
  6319 | D:6      | 6319 ||| Stepping randomly (stuck).
  6320 | D:6      | 6320 ||| Stepping randomly (stuck).
  6321 | D:6      | 6321 ||| Stepping randomly (stuck).
  6322 | D:6      | 6322 ||| Stepping randomly (stuck).
  6323 | D:6      | 6323 ||| Stepping randomly (stuck).
  6324 | D:6      | 6324 ||| Stepping randomly (stuck).
  6325 | D:6      | 6325 ||| Stepping randomly (stuck).
  6326 | D:6      | 6326 ||| Stepping randomly (stuck).
  6327 | D:6      | 6327 ||| Stepping randomly (stuck).
  6328 | D:6      | 6328 ||| Stepping randomly (stuck).
  6329 | D:6      | 6329 ||| Stepping randomly (stuck).
  6330 | D:6      | 6330 ||| Stepping randomly (stuck).
  6331 | D:6      | 6331 ||| Stepping randomly (stuck).
  6332 | D:6      | 6332 ||| Stepping randomly (stuck).
  6333 | D:6      | 6333 ||| Stepping randomly (stuck).
  6334 | D:6      | 6334 ||| Stepping randomly (stuck).
  6335 | D:6      | 6335 ||| Stepping randomly (stuck).
  6336 | D:6      | 6336 ||| Stepping randomly (stuck).
  6337 | D:6      | 6337 ||| Stepping randomly (stuck).
  6338 | D:6      | 6338 ||| Stepping randomly (stuck).
  6339 | D:6      | 6339 ||| Stepping randomly (stuck).
  6340 | D:6      | 6340 ||| Stepping randomly (stuck).
  6341 | D:6      | 6341 ||| Stepping randomly (stuck).
  6342 | D:6      | 6342 ||| Stepping randomly (stuck).
  6343 | D:6      | 6343 ||| Stepping randomly (stuck).
  6344 | D:6      | 6344 ||| Stepping randomly (stuck).
  6345 | D:6      | 6345 ||| Stepping randomly (stuck).
  6346 | D:6      | 6346 ||| Stepping randomly (stuck).
  6347 | D:6      | 6347 ||| Stepping randomly (stuck).
  6348 | D:6      | 6348 ||| Stepping randomly (stuck).
  6349 | D:6      | 6349 ||| Stepping randomly (stuck).
  6350 | D:6      | 6350 ||| Stepping randomly (stuck).
  6351 | D:6      | 6351 ||| Stepping randomly (stuck).
  6352 | D:6      | 6352 ||| Stepping randomly (stuck).
  6353 | D:6      | 6353 ||| Stepping randomly (stuck).
  6354 | D:6      | 6354 ||| Stepping randomly (stuck).
  6355 | D:6      | 6355 ||| Stepping randomly (stuck).
  6356 | D:6      | 6356 ||| Stepping randomly (stuck).
  6357 | D:6      | 6357 ||| Stepping randomly (stuck).
  6358 | D:6      | 6358 ||| Stepping randomly (stuck).
  6359 | D:6      | 6359 ||| Stepping randomly (stuck).
  6360 | D:6      | 6360 ||| Stepping randomly (stuck).
  6361 | D:6      | 6361 ||| Stepping randomly (stuck).
  6362 | D:6      | 6362 ||| Stepping randomly (stuck).
  6363 | D:6      | 6363 ||| Stepping randomly (stuck).
  6364 | D:6      | 6364 ||| Stepping randomly (stuck).
  6365 | D:6      | 6365 ||| Stepping randomly (stuck).
  6366 | D:6      | 6366 ||| Stepping randomly (stuck).
  6367 | D:6      | 6367 ||| Stepping randomly (stuck).
  6368 | D:6      | 6368 ||| Stepping randomly (stuck).
  6369 | D:6      | 6369 ||| Stepping randomly (stuck).
  6370 | D:6      | 6370 ||| Stepping randomly (stuck).
  6371 | D:6      | 6371 ||| Stepping randomly (stuck).
  6372 | D:6      | 6372 ||| Stepping randomly (stuck).
  6373 | D:6      | 6373 ||| Stepping randomly (stuck).
  6374 | D:6      | 6374 ||| Stepping randomly (stuck).
  6375 | D:6      | 6375 ||| Stepping randomly (stuck).
  6376 | D:6      | 6376 ||| Stepping randomly (stuck).
  6377 | D:6      | 6377 ||| Stepping randomly (stuck).
  6378 | D:6      | 6378 ||| Stepping randomly (stuck).
  6379 | D:6      | 6379 ||| Stepping randomly (stuck).
  6380 | D:6      | 6380 ||| Stepping randomly (stuck).
  6381 | D:6      | 6381 ||| Stepping randomly (stuck).
  6382 | D:6      | 6382 ||| Stepping randomly (stuck).
  6383 | D:6      | 6383 ||| Stepping randomly (stuck).
  6384 | D:6      | 6384 ||| Stepping randomly (stuck).
  6385 | D:6      | 6385 ||| Stepping randomly (stuck).
  6386 | D:6      | 6386 ||| Stepping randomly (stuck).
  6387 | D:6      | 6387 ||| Stepping randomly (stuck).
  6388 | D:6      | 6388 ||| Stepping randomly (stuck).
  6389 | D:6      | 6389 ||| Stepping randomly (stuck).
  6390 | D:6      | 6390 ||| Stepping randomly (stuck).
  6391 | D:6      | 6391 ||| Stepping randomly (stuck).
  6392 | D:6      | 6392 ||| Stepping randomly (stuck).
  6393 | D:6      | 6393 ||| Stepping randomly (stuck).
  6394 | D:6      | 6394 ||| Stepping randomly (stuck).
  6395 | D:6      | 6395 ||| Stepping randomly (stuck).
  6396 | D:6      | 6396 ||| Stepping randomly (stuck).
  6397 | D:6      | 6397 ||| Stepping randomly (stuck).
  6398 | D:6      | 6398 ||| Stepping randomly (stuck).
  6399 | D:6      | 6399 ||| Stepping randomly (stuck).
  6400 | D:6      | 6400 ||| Stepping randomly (stuck).
  6401 | D:6      | 6401 ||| Stepping randomly (stuck).
  6402 | D:6      | 6402 ||| Stepping randomly (stuck).
  6403 | D:6      | 6403 ||| Stepping randomly (stuck).
  6404 | D:6      | 6404 ||| Stepping randomly (stuck).
  6405 | D:6      | 6405 ||| Stepping randomly (stuck).
  6406 | D:6      | 6406 ||| Stepping randomly (stuck).
  6407 | D:6      | 6407 ||| Stepping randomly (stuck).
  6408 | D:6      | 6408 ||| Stepping randomly (stuck).
  6409 | D:6      | 6409 ||| Stepping randomly (stuck).
  6410 | D:6      | 6410 ||| Stepping randomly (stuck).
  6411 | D:6      | 6411 ||| Stepping randomly (stuck).
  6412 | D:6      | 6412 ||| Stepping randomly (stuck).
  6413 | D:6      | 6413 ||| Stepping randomly (stuck).
  6414 | D:6      | 6414 ||| Stepping randomly (stuck).
  6415 | D:6      | 6415 ||| Stepping randomly (stuck).
  6416 | D:6      | 6416 ||| Stepping randomly (stuck).
  6417 | D:6      | 6417 ||| Stepping randomly (stuck).
  6418 | D:6      | 6418 ||| Stepping randomly (stuck).
  6419 | D:6      | 6419 ||| Stepping randomly (stuck).
  6420 | D:6      | 6420 ||| Stepping randomly (stuck).
  6421 | D:6      | 6421 ||| Stepping randomly (stuck).
  6422 | D:6      | 6422 ||| Stepping randomly (stuck).
  6423 | D:6      | 6423 ||| Stepping randomly (stuck).
  6424 | D:6      | 6424 ||| Stepping randomly (stuck).
  6425 | D:6      | 6425 ||| Stepping randomly (stuck).
  6426 | D:6      | 6426 ||| Stepping randomly (stuck).
  6427 | D:6      | 6427 ||| Stepping randomly (stuck).
  6428 | D:6      | 6428 ||| Stepping randomly (stuck).
  6429 | D:6      | 6429 ||| Stepping randomly (stuck).
  6430 | D:6      | 6430 ||| Stepping randomly (stuck).
  6431 | D:6      | 6431 ||| Stepping randomly (stuck).
  6432 | D:6      | 6432 ||| Stepping randomly (stuck).
  6433 | D:6      | 6433 ||| Stepping randomly (stuck).
  6434 | D:6      | 6434 ||| Stepping randomly (stuck).
  6435 | D:6      | 6435 ||| Stepping randomly (stuck).
  6436 | D:6      | 6436 ||| Stepping randomly (stuck).
  6437 | D:6      | 6437 ||| Stepping randomly (stuck).
  6438 | D:6      | 6438 ||| Stepping randomly (stuck).
  6439 | D:6      | 6439 ||| Stepping randomly (stuck).
  6440 | D:6      | 6440 ||| Stepping randomly (stuck).
  6441 | D:6      | 6441 ||| Stepping randomly (stuck).
  6442 | D:6      | 6442 ||| Stepping randomly (stuck).
  6443 | D:6      | 6443 ||| Stepping randomly (stuck).
  6444 | D:6      | 6444 ||| Stepping randomly (stuck).
  6445 | D:6      | 6445 ||| Stepping randomly (stuck).
  6446 | D:6      | 6446 ||| Stepping randomly (stuck).
  6447 | D:6      | 6447 ||| Stepping randomly (stuck).
  6448 | D:6      | 6448 ||| Stepping randomly (stuck).
  6449 | D:6      | 6449 ||| Stepping randomly (stuck).
  6450 | D:6      | 6450 ||| Stepping randomly (stuck).
  6451 | D:6      | 6451 ||| Stepping randomly (stuck).
  6452 | D:6      | 6452 ||| Stepping randomly (stuck).
  6453 | D:6      | 6453 ||| Stepping randomly (stuck).
  6454 | D:6      | 6454 ||| Stepping randomly (stuck).
  6455 | D:6      | 6455 ||| Stepping randomly (stuck).
  6456 | D:6      | 6456 ||| Stepping randomly (stuck).
  6457 | D:6      | 6457 ||| Stepping randomly (stuck).
  6458 | D:6      | 6458 ||| Stepping randomly (stuck).
  6459 | D:6      | 6459 ||| Stepping randomly (stuck).
  6460 | D:6      | 6460 ||| Stepping randomly (stuck).
  6461 | D:6      | 6461 ||| Stepping randomly (stuck).
  6462 | D:6      | 6462 ||| Stepping randomly (stuck).
  6463 | D:6      | 6463 ||| Stepping randomly (stuck).
  6464 | D:6      | 6464 ||| Stepping randomly (stuck).
  6465 | D:6      | 6465 ||| Stepping randomly (stuck).
  6466 | D:6      | 6466 ||| Stepping randomly (stuck).
  6467 | D:6      | 6467 ||| Stepping randomly (stuck).
  6468 | D:6      | 6468 ||| Stepping randomly (stuck).
  6469 | D:6      | 6469 ||| Stepping randomly (stuck).
  6470 | D:6      | 6470 ||| Stepping randomly (stuck).
  6471 | D:6      | 6471 ||| Stepping randomly (stuck).
  6472 | D:6      | 6472 ||| Stepping randomly (stuck).
  6473 | D:6      | 6473 ||| Stepping randomly (stuck).
  6474 | D:6      | 6474 ||| Stepping randomly (stuck).
  6475 | D:6      | 6475 ||| Stepping randomly (stuck).
  6476 | D:6      | 6476 ||| Stepping randomly (stuck).
  6477 | D:6      | 6477 ||| Stepping randomly (stuck).
  6478 | D:6      | 6478 ||| Stepping randomly (stuck).
  6479 | D:6      | 6479 ||| Stepping randomly (stuck).
  6480 | D:6      | 6480 ||| Stepping randomly (stuck).
  6481 | D:6      | 6481 ||| Stepping randomly (stuck).
  6482 | D:6      | 6482 ||| Stepping randomly (stuck).
  6483 | D:6      | 6483 ||| Stepping randomly (stuck).
  6484 | D:6      | 6484 ||| Stepping randomly (stuck).
  6485 | D:6      | 6485 ||| Stepping randomly (stuck).
  6486 | D:6      | 6486 ||| Stepping randomly (stuck).
  6487 | D:6      | 6487 ||| Stepping randomly (stuck).
  6488 | D:6      | 6488 ||| Stepping randomly (stuck).
  6489 | D:6      | 6489 ||| Stepping randomly (stuck).
  6490 | D:6      | 6490 ||| Stepping randomly (stuck).
  6491 | D:6      | 6491 ||| Stepping randomly (stuck).
  6492 | D:6      | 6492 ||| Stepping randomly (stuck).
  6493 | D:6      | 6493 ||| Stepping randomly (stuck).
  6494 | D:6      | 6494 ||| Stepping randomly (stuck).
  6495 | D:6      | 6495 ||| Stepping randomly (stuck).
  6496 | D:6      | 6496 ||| Stepping randomly (stuck).
  6497 | D:6      | 6497 ||| Stepping randomly (stuck).
  6498 | D:6      | 6498 ||| Stepping randomly (stuck).
  6499 | D:6      | 6499 ||| Stepping randomly (stuck).
  6500 | D:6      | 6500 ||| Stepping randomly (stuck).
  6501 | D:6      | 6501 ||| Stepping randomly (stuck).
  6502 | D:6      | 6502 ||| Stepping randomly (stuck).
  6503 | D:6      | 6503 ||| Stepping randomly (stuck).
  6504 | D:6      | 6504 ||| Stepping randomly (stuck).
  6505 | D:6      | 6505 ||| Stepping randomly (stuck).
  6506 | D:6      | 6506 ||| Stepping randomly (stuck).
  6507 | D:6      | 6507 ||| Stepping randomly (stuck).
  6508 | D:6      | 6508 ||| Stepping randomly (stuck).
  6509 | D:6      | 6509 ||| Stepping randomly (stuck).
  6510 | D:6      | 6510 ||| Stepping randomly (stuck).
  6511 | D:6      | 6511 ||| Stepping randomly (stuck).
  6512 | D:6      | 6512 ||| Stepping randomly (stuck).
  6513 | D:6      | 6513 ||| Stepping randomly (stuck).
  6514 | D:6      | 6514 ||| Stepping randomly (stuck).
  6515 | D:6      | 6515 ||| Stepping randomly (stuck).
  6516 | D:6      | 6516 ||| Stepping randomly (stuck).
  6517 | D:6      | 6517 ||| Stepping randomly (stuck).
  6518 | D:6      | 6518 ||| Stepping randomly (stuck).
  6519 | D:6      | 6519 ||| Stepping randomly (stuck).
  6520 | D:6      | 6520 ||| Stepping randomly (stuck).
  6521 | D:6      | 6521 ||| Stepping randomly (stuck).
  6522 | D:6      | 6522 ||| Stepping randomly (stuck).
  6523 | D:6      | 6523 ||| Stepping randomly (stuck).
  6524 | D:6      | 6524 ||| Stepping randomly (stuck).
  6525 | D:6      | 6525 ||| Stepping randomly (stuck).
  6526 | D:6      | 6526 ||| Stepping randomly (stuck).
  6527 | D:6      | 6527 ||| Stepping randomly (stuck).
  6528 | D:6      | 6528 ||| Stepping randomly (stuck).
  6529 | D:6      | 6529 ||| Stepping randomly (stuck).
  6530 | D:6      | 6530 ||| Stepping randomly (stuck).
  6531 | D:6      | 6531 ||| Stepping randomly (stuck).
  6532 | D:6      | 6532 ||| Stepping randomly (stuck).
  6533 | D:6      | 6533 ||| Stepping randomly (stuck).
  6534 | D:6      | 6534 ||| Stepping randomly (stuck).
  6535 | D:6      | 6535 ||| Stepping randomly (stuck).
  6536 | D:6      | 6536 ||| Stepping randomly (stuck).
  6537 | D:6      | 6537 ||| Stepping randomly (stuck).
  6538 | D:6      | 6538 ||| Stepping randomly (stuck).
  6539 | D:6      | 6539 ||| Stepping randomly (stuck).
  6540 | D:6      | 6540 ||| Stepping randomly (stuck).
  6541 | D:6      | 6541 ||| Stepping randomly (stuck).
  6542 | D:6      | 6542 ||| Stepping randomly (stuck).
  6543 | D:6      | 6543 ||| Stepping randomly (stuck).
  6544 | D:6      | 6544 ||| Stepping randomly (stuck).
  6545 | D:6      | 6545 ||| Stepping randomly (stuck).
  6546 | D:6      | 6546 ||| Stepping randomly (stuck).
  6547 | D:6      | 6547 ||| Stepping randomly (stuck).
  6548 | D:6      | 6548 ||| Stepping randomly (stuck).
  6549 | D:6      | 6549 ||| Stepping randomly (stuck).
  6550 | D:6      | 6550 ||| Stepping randomly (stuck).
  6551 | D:6      | 6551 ||| Stepping randomly (stuck).
  6552 | D:6      | 6552 ||| Stepping randomly (stuck).
  6553 | D:6      | 6553 ||| Stepping randomly (stuck).
  6554 | D:6      | 6554 ||| Stepping randomly (stuck).
  6555 | D:6      | 6555 ||| Stepping randomly (stuck).
  6556 | D:6      | 6556 ||| Stepping randomly (stuck).
  6557 | D:6      | 6557 ||| Stepping randomly (stuck).
  6558 | D:6      | 6558 ||| Stepping randomly (stuck).
  6559 | D:6      | 6559 ||| Stepping randomly (stuck).
  6560 | D:6      | 6560 ||| Stepping randomly (stuck).
  6561 | D:6      | 6561 ||| Stepping randomly (stuck).
  6562 | D:6      | 6562 ||| Stepping randomly (stuck).
  6563 | D:6      | 6563 ||| Stepping randomly (stuck).
  6564 | D:6      | 6564 ||| Stepping randomly (stuck).
  6565 | D:6      | 6565 ||| Stepping randomly (stuck).
  6566 | D:6      | 6566 ||| Stepping randomly (stuck).
  6567 | D:6      | 6567 ||| Stepping randomly (stuck).
  6568 | D:6      | 6568 ||| Stepping randomly (stuck).
  6569 | D:6      | 6569 ||| Stepping randomly (stuck).
  6570 | D:6      | 6570 ||| Stepping randomly (stuck).
  6571 | D:6      | 6571 ||| Stepping randomly (stuck).
  6572 | D:6      | 6572 ||| Stepping randomly (stuck).
  6573 | D:6      | 6573 ||| Stepping randomly (stuck).
  6574 | D:6      | 6574 ||| Stepping randomly (stuck).
  6575 | D:6      | 6575 ||| Stepping randomly (stuck).
  6576 | D:6      | 6576 ||| Stepping randomly (stuck).
  6577 | D:6      | 6577 ||| Stepping randomly (stuck).
  6578 | D:6      | 6578 ||| Stepping randomly (stuck).
  6579 | D:6      | 6579 ||| Stepping randomly (stuck).
  6580 | D:6      | 6580 ||| Stepping randomly (stuck).
  6581 | D:6      | 6581 ||| Stepping randomly (stuck).
  6582 | D:6      | 6582 ||| Stepping randomly (stuck).
  6583 | D:6      | 6583 ||| Stepping randomly (stuck).
  6584 | D:6      | 6584 ||| Stepping randomly (stuck).
  6585 | D:6      | 6585 ||| Stepping randomly (stuck).
  6586 | D:6      | 6586 ||| Stepping randomly (stuck).
  6587 | D:6      | 6587 ||| Stepping randomly (stuck).
  6588 | D:6      | 6588 ||| Stepping randomly (stuck).
  6589 | D:6      | 6589 ||| Stepping randomly (stuck).
  6590 | D:6      | 6590 ||| Stepping randomly (stuck).
  6591 | D:6      | 6591 ||| Stepping randomly (stuck).
  6592 | D:6      | 6592 ||| Stepping randomly (stuck).
  6593 | D:6      | 6593 ||| Stepping randomly (stuck).
  6594 | D:6      | 6594 ||| Stepping randomly (stuck).
  6595 | D:6      | 6595 ||| Stepping randomly (stuck).
  6596 | D:6      | 6596 ||| Stepping randomly (stuck).
  6597 | D:6      | 6597 ||| Stepping randomly (stuck).
  6598 | D:6      | 6598 ||| Stepping randomly (stuck).
  6599 | D:6      | 6599 ||| Stepping randomly (stuck).
  6600 | D:6      | 6600 ||| Stepping randomly (stuck).
  6601 | D:6      | 6601 ||| Stepping randomly (stuck).
  6602 | D:6      | 6602 ||| Stepping randomly (stuck).
  6603 | D:6      | 6603 ||| Stepping randomly (stuck).
  6604 | D:6      | 6604 ||| Stepping randomly (stuck).
  6605 | D:6      | 6605 ||| Stepping randomly (stuck).
  6606 | D:6      | 6606 ||| Stepping randomly (stuck).
  6607 | D:6      | 6607 ||| Stepping randomly (stuck).
  6608 | D:6      | 6608 ||| Stepping randomly (stuck).
  6609 | D:6      | 6609 ||| Stepping randomly (stuck).
  6610 | D:6      | 6610 ||| Stepping randomly (stuck).
  6611 | D:6      | 6611 ||| Stepping randomly (stuck).
  6612 | D:6      | 6612 ||| Stepping randomly (stuck).
  6613 | D:6      | 6613 ||| Stepping randomly (stuck).
  6614 | D:6      | 6614 ||| Stepping randomly (stuck).
  6615 | D:6      | 6615 ||| Stepping randomly (stuck).
  6616 | D:6      | 6616 ||| Stepping randomly (stuck).
  6617 | D:6      | 6617 ||| Stepping randomly (stuck).
  6618 | D:6      | 6618 ||| Stepping randomly (stuck).
  6619 | D:6      | 6619 ||| Stepping randomly (stuck).
  6620 | D:6      | 6620 ||| Stepping randomly (stuck).
  6621 | D:6      | 6621 ||| Stepping randomly (stuck).
  6622 | D:6      | 6622 ||| Stepping randomly (stuck).
  6623 | D:6      | 6623 ||| Stepping randomly (stuck).
  6624 | D:6      | 6624 ||| Stepping randomly (stuck).
  6625 | D:6      | 6625 ||| Stepping randomly (stuck).
  6626 | D:6      | 6626 ||| Stepping randomly (stuck).
  6627 | D:6      | 6627 ||| Stepping randomly (stuck).
  6628 | D:6      | 6628 ||| Stepping randomly (stuck).
  6629 | D:6      | 6629 ||| Stepping randomly (stuck).
  6630 | D:6      | 6630 ||| Stepping randomly (stuck).
  6631 | D:6      | 6631 ||| Stepping randomly (stuck).
  6632 | D:6      | 6632 ||| Stepping randomly (stuck).
  6633 | D:6      | 6633 ||| Stepping randomly (stuck).
  6634 | D:6      | 6634 ||| Stepping randomly (stuck).
  6635 | D:6      | 6635 ||| Stepping randomly (stuck).
  6636 | D:6      | 6636 ||| Stepping randomly (stuck).
  6637 | D:6      | 6637 ||| Stepping randomly (stuck).
  6638 | D:6      | 6638 ||| Stepping randomly (stuck).
  6639 | D:6      | 6639 ||| Stepping randomly (stuck).
  6640 | D:6      | 6640 ||| Stepping randomly (stuck).
  6641 | D:6      | 6641 ||| Stepping randomly (stuck).
  6642 | D:6      | 6642 ||| Stepping randomly (stuck).
  6643 | D:6      | 6643 ||| Stepping randomly (stuck).
  6644 | D:6      | 6644 ||| Stepping randomly (stuck).
  6645 | D:6      | 6645 ||| Stepping randomly (stuck).
  6646 | D:6      | 6646 ||| Stepping randomly (stuck).
  6647 | D:6      | 6647 ||| Stepping randomly (stuck).
  6648 | D:6      | 6648 ||| Stepping randomly (stuck).
  6649 | D:6      | 6649 ||| Stepping randomly (stuck).
  6650 | D:6      | 6650 ||| Stepping randomly (stuck).
  6651 | D:6      | 6651 ||| Stepping randomly (stuck).
  6652 | D:6      | 6652 ||| Stepping randomly (stuck).
  6653 | D:6      | 6653 ||| Stepping randomly (stuck).
  6654 | D:6      | 6654 ||| Stepping randomly (stuck).
  6655 | D:6      | 6655 ||| Stepping randomly (stuck).
  6656 | D:6      | 6656 ||| Stepping randomly (stuck).
  6657 | D:6      | 6657 ||| Stepping randomly (stuck).
  6658 | D:6      | 6658 ||| Stepping randomly (stuck).
  6659 | D:6      | 6659 ||| Stepping randomly (stuck).
  6660 | D:6      | 6660 ||| Stepping randomly (stuck).
  6661 | D:6      | 6661 ||| Stepping randomly (stuck).
  6662 | D:6      | 6662 ||| Stepping randomly (stuck).
  6663 | D:6      | 6663 ||| Stepping randomly (stuck).
  6664 | D:6      | 6664 ||| Stepping randomly (stuck).
  6665 | D:6      | 6665 ||| Stepping randomly (stuck).
  6666 | D:6      | 6666 ||| Stepping randomly (stuck).
  6667 | D:6      | 6667 ||| Stepping randomly (stuck).
  6668 | D:6      | 6668 ||| Stepping randomly (stuck).
  6669 | D:6      | 6669 ||| Stepping randomly (stuck).
  6670 | D:6      | 6670 ||| Stepping randomly (stuck).
  6671 | D:6      | 6671 ||| Stepping randomly (stuck).
  6672 | D:6      | 6672 ||| Stepping randomly (stuck).
  6673 | D:6      | 6673 ||| Stepping randomly (stuck).
  6674 | D:6      | 6674 ||| Stepping randomly (stuck).
  6675 | D:6      | 6675 ||| Stepping randomly (stuck).
  6676 | D:6      | 6676 ||| Stepping randomly (stuck).
  6677 | D:6      | 6677 ||| Stepping randomly (stuck).
  6678 | D:6      | 6678 ||| Stepping randomly (stuck).
  6679 | D:6      | 6679 ||| Stepping randomly (stuck).
  6680 | D:6      | 6680 ||| Stepping randomly (stuck).
  6681 | D:6      | 6681 ||| Stepping randomly (stuck).
  6682 | D:6      | 6682 ||| Stepping randomly (stuck).
  6683 | D:6      | 6683 ||| Stepping randomly (stuck).
  6684 | D:6      | 6684 ||| Stepping randomly (stuck).
  6685 | D:6      | 6685 ||| Stepping randomly (stuck).
  6686 | D:6      | 6686 ||| Stepping randomly (stuck).
  6687 | D:6      | 6687 ||| Stepping randomly (stuck).
  6688 | D:6      | 6688 ||| Stepping randomly (stuck).
  6689 | D:6      | 6689 ||| Stepping randomly (stuck).
  6690 | D:6      | 6690 ||| Stepping randomly (stuck).
  6691 | D:6      | 6691 ||| Stepping randomly (stuck).
  6692 | D:6      | 6692 ||| Stepping randomly (stuck).
  6693 | D:6      | 6693 ||| Stepping randomly (stuck).
  6694 | D:6      | 6694 ||| Stepping randomly (stuck).
  6695 | D:6      | 6695 ||| Stepping randomly (stuck).
  6696 | D:6      | 6696 ||| Stepping randomly (stuck).
  6697 | D:6      | 6697 ||| Stepping randomly (stuck).
  6698 | D:6      | 6698 ||| Stepping randomly (stuck).
  6699 | D:6      | 6699 ||| Stepping randomly (stuck).
  6700 | D:6      | 6700 ||| Stepping randomly (stuck).
  6701 | D:6      | 6701 ||| Stepping randomly (stuck).
  6702 | D:6      | 6702 ||| Stepping randomly (stuck).
  6703 | D:6      | 6703 ||| Stepping randomly (stuck).
  6704 | D:6      | 6704 ||| Stepping randomly (stuck).
  6705 | D:6      | 6705 ||| Stepping randomly (stuck).
  6706 | D:6      | 6706 ||| Stepping randomly (stuck).
  6707 | D:6      | 6707 ||| Stepping randomly (stuck).
  6708 | D:6      | 6708 ||| Stepping randomly (stuck).
  6709 | D:6      | 6709 ||| Stepping randomly (stuck).
  6710 | D:6      | 6710 ||| Stepping randomly (stuck).
  6711 | D:6      | 6711 ||| Stepping randomly (stuck).
  6712 | D:6      | 6712 ||| Stepping randomly (stuck).
  6713 | D:6      | 6713 ||| Stepping randomly (stuck).
  6714 | D:6      | 6714 ||| Stepping randomly (stuck).
  6715 | D:6      | 6715 ||| Stepping randomly (stuck).
  6716 | D:6      | 6716 ||| Stepping randomly (stuck).
  6717 | D:6      | 6717 ||| Stepping randomly (stuck).
  6718 | D:6      | 6718 ||| Stepping randomly (stuck).
  6719 | D:6      | 6719 ||| Stepping randomly (stuck).
  6720 | D:6      | 6720 ||| Stepping randomly (stuck).
  6721 | D:6      | 6721 ||| Stepping randomly (stuck).
  6722 | D:6      | 6722 ||| Stepping randomly (stuck).
  6723 | D:6      | 6723 ||| Stepping randomly (stuck).
  6724 | D:6      | 6724 ||| Stepping randomly (stuck).
  6725 | D:6      | 6725 ||| Stepping randomly (stuck).
  6726 | D:6      | 6726 ||| Stepping randomly (stuck).
  6727 | D:6      | 6727 ||| Stepping randomly (stuck).
  6728 | D:6      | 6728 ||| Stepping randomly (stuck).
  6729 | D:6      | 6729 ||| Stepping randomly (stuck).
  6730 | D:6      | 6730 ||| Stepping randomly (stuck).
  6731 | D:6      | 6731 ||| Stepping randomly (stuck).
  6732 | D:6      | 6732 ||| Stepping randomly (stuck).
  6733 | D:6      | 6733 ||| Stepping randomly (stuck).
  6734 | D:6      | 6734 ||| Stepping randomly (stuck).
  6735 | D:6      | 6735 ||| Stepping randomly (stuck).
  6736 | D:6      | 6736 ||| Stepping randomly (stuck).
  6737 | D:6      | 6737 ||| Stepping randomly (stuck).
  6738 | D:6      | 6738 ||| Stepping randomly (stuck).
  6739 | D:6      | 6739 ||| Stepping randomly (stuck).
  6740 | D:6      | 6740 ||| Stepping randomly (stuck).
  6741 | D:6      | 6741 ||| Stepping randomly (stuck).
  6742 | D:6      | 6742 ||| Stepping randomly (stuck).
  6743 | D:6      | 6743 ||| Stepping randomly (stuck).
  6744 | D:6      | 6744 ||| Stepping randomly (stuck).
  6745 | D:6      | 6745 ||| Stepping randomly (stuck).
  6746 | D:6      | 6746 ||| Stepping randomly (stuck).
  6747 | D:6      | 6747 ||| Stepping randomly (stuck).
  6748 | D:6      | 6748 ||| Stepping randomly (stuck).
  6749 | D:6      | 6749 ||| Stepping randomly (stuck).
  6750 | D:6      | 6750 ||| Stepping randomly (stuck).
  6751 | D:6      | 6751 ||| Stepping randomly (stuck).
  6752 | D:6      | 6752 ||| Stepping randomly (stuck).
  6753 | D:6      | 6753 ||| Stepping randomly (stuck).
  6754 | D:6      | 6754 ||| Stepping randomly (stuck).
  6755 | D:6      | 6755 ||| Stepping randomly (stuck).
  6756 | D:6      | 6756 ||| Stepping randomly (stuck).
  6757 | D:6      | 6757 ||| Stepping randomly (stuck).
  6758 | D:6      | 6758 ||| Stepping randomly (stuck).
  6759 | D:6      | 6759 ||| Stepping randomly (stuck).
  6760 | D:6      | 6760 ||| Stepping randomly (stuck).
  6761 | D:6      | 6761 ||| Stepping randomly (stuck).
  6762 | D:6      | 6762 ||| Stepping randomly (stuck).
  6763 | D:6      | 6763 ||| Stepping randomly (stuck).
  6764 | D:6      | 6764 ||| Stepping randomly (stuck).
  6765 | D:6      | 6765 ||| Stepping randomly (stuck).
  6766 | D:6      | 6766 ||| Stepping randomly (stuck).
  6767 | D:6      | 6767 ||| Stepping randomly (stuck).
  6768 | D:6      | 6768 ||| Stepping randomly (stuck).
  6769 | D:6      | 6769 ||| Stepping randomly (stuck).
  6770 | D:6      | 6770 ||| Stepping randomly (stuck).
  6771 | D:6      | 6771 ||| Stepping randomly (stuck).
  6772 | D:6      | 6772 ||| Stepping randomly (stuck).
  6773 | D:6      | 6773 ||| Stepping randomly (stuck).
  6774 | D:6      | 6774 ||| Stepping randomly (stuck).
  6775 | D:6      | 6775 ||| Stepping randomly (stuck).
  6776 | D:6      | 6776 ||| Stepping randomly (stuck).
  6777 | D:6      | 6777 ||| Stepping randomly (stuck).
  6778 | D:6      | 6778 ||| Stepping randomly (stuck).
  6779 | D:6      | 6779 ||| Stepping randomly (stuck).
  6780 | D:6      | 6780 ||| Stepping randomly (stuck).
  6781 | D:6      | 6781 ||| Stepping randomly (stuck).
  6782 | D:6      | 6782 ||| Stepping randomly (stuck).
  6783 | D:6      | 6783 ||| Stepping randomly (stuck).
  6784 | D:6      | 6784 ||| Stepping randomly (stuck).
  6785 | D:6      | 6785 ||| Stepping randomly (stuck).
  6786 | D:6      | 6786 ||| Stepping randomly (stuck).
  6787 | D:6      | 6787 ||| Stepping randomly (stuck).
  6788 | D:6      | 6788 ||| Stepping randomly (stuck).
  6789 | D:6      | 6789 ||| Stepping randomly (stuck).
  6790 | D:6      | 6790 ||| Stepping randomly (stuck).
  6791 | D:6      | 6791 ||| Stepping randomly (stuck).
  6792 | D:6      | 6792 ||| Stepping randomly (stuck).
  6793 | D:6      | 6793 ||| Stepping randomly (stuck).
  6794 | D:6      | 6794 ||| Stepping randomly (stuck).
  6795 | D:6      | 6795 ||| Stepping randomly (stuck).
  6796 | D:6      | 6796 ||| Stepping randomly (stuck).
  6797 | D:6      | 6797 ||| Stepping randomly (stuck).
  6798 | D:6      | 6798 ||| Stepping randomly (stuck).
  6799 | D:6      | 6799 ||| Stepping randomly (stuck).
  6800 | D:6      | 6800 ||| Stepping randomly (stuck).
  6801 | D:6      | 6801 ||| Stepping randomly (stuck).
  6802 | D:6      | 6802 ||| Stepping randomly (stuck).
  6803 | D:6      | 6803 ||| Stepping randomly (stuck).
  6804 | D:6      | 6804 ||| Stepping randomly (stuck).
  6805 | D:6      | 6805 ||| Stepping randomly (stuck).
  6806 | D:6      | 6806 ||| Stepping randomly (stuck).
  6807 | D:6      | 6807 ||| Stepping randomly (stuck).
  6808 | D:6      | 6808 ||| Stepping randomly (stuck).
  6809 | D:6      | 6809 ||| Stepping randomly (stuck).
  6810 | D:6      | 6810 ||| Stepping randomly (stuck).
  6811 | D:6      | 6811 ||| Stepping randomly (stuck).
  6812 | D:6      | 6812 ||| Stepping randomly (stuck).
  6813 | D:6      | 6813 ||| Stepping randomly (stuck).
  6814 | D:6      | 6814 ||| Stepping randomly (stuck).
  6815 | D:6      | 6815 ||| Stepping randomly (stuck).
  6816 | D:6      | 6816 ||| Stepping randomly (stuck).
  6817 | D:6      | 6817 ||| Stepping randomly (stuck).
  6818 | D:6      | 6818 ||| Stepping randomly (stuck).
  6819 | D:6      | 6819 ||| Stepping randomly (stuck).
  6820 | D:6      | 6820 ||| Stepping randomly (stuck).
  6821 | D:6      | 6821 ||| Stepping randomly (stuck).
  6822 | D:6      | 6822 ||| Stepping randomly (stuck).
  6823 | D:6      | 6823 ||| Stepping randomly (stuck).
  6824 | D:6      | 6824 ||| Stepping randomly (stuck).
  6825 | D:6      | 6825 ||| Stepping randomly (stuck).
  6826 | D:6      | 6826 ||| Stepping randomly (stuck).
  6827 | D:6      | 6827 ||| Stepping randomly (stuck).
  6828 | D:6      | 6828 ||| Stepping randomly (stuck).
  6829 | D:6      | 6829 ||| Stepping randomly (stuck).
  6830 | D:6      | 6830 ||| Stepping randomly (stuck).
  6831 | D:6      | 6831 ||| Stepping randomly (stuck).
  6832 | D:6      | 6832 ||| Stepping randomly (stuck).
  6833 | D:6      | 6833 ||| Stepping randomly (stuck).
  6834 | D:6      | 6834 ||| Stepping randomly (stuck).
  6835 | D:6      | 6835 ||| Stepping randomly (stuck).
  6836 | D:6      | 6836 ||| Stepping randomly (stuck).
  6837 | D:6      | 6837 ||| Stepping randomly (stuck).
  6838 | D:6      | 6838 ||| Stepping randomly (stuck).
  6839 | D:6      | 6839 ||| Stepping randomly (stuck).
  6840 | D:6      | 6840 ||| Stepping randomly (stuck).
  6841 | D:6      | 6841 ||| Stepping randomly (stuck).
  6842 | D:6      | 6842 ||| Stepping randomly (stuck).
  6843 | D:6      | 6843 ||| Stepping randomly (stuck).
  6844 | D:6      | 6844 ||| Stepping randomly (stuck).
  6845 | D:6      | 6845 ||| Stepping randomly (stuck).
  6846 | D:6      | 6846 ||| Stepping randomly (stuck).
  6847 | D:6      | 6847 ||| Stepping randomly (stuck).
  6848 | D:6      | 6848 ||| Stepping randomly (stuck).
  6849 | D:6      | 6849 ||| Stepping randomly (stuck).
  6850 | D:6      | 6850 ||| Stepping randomly (stuck).
  6851 | D:6      | 6851 ||| Stepping randomly (stuck).
  6852 | D:6      | 6852 ||| Stepping randomly (stuck).
  6853 | D:6      | 6853 ||| Stepping randomly (stuck).
  6854 | D:6      | 6854 ||| Stepping randomly (stuck).
  6855 | D:6      | 6855 ||| Stepping randomly (stuck).
  6856 | D:6      | 6856 ||| Stepping randomly (stuck).
  6857 | D:6      | 6857 ||| Stepping randomly (stuck).
  6858 | D:6      | 6858 ||| Stepping randomly (stuck).
  6859 | D:6      | 6859 ||| Stepping randomly (stuck).
  6860 | D:6      | 6860 ||| Stepping randomly (stuck).
  6861 | D:6      | 6861 ||| Stepping randomly (stuck).
  6862 | D:6      | 6862 ||| Stepping randomly (stuck).
  6863 | D:6      | 6863 ||| Stepping randomly (stuck).
  6864 | D:6      | 6864 ||| Stepping randomly (stuck).
  6865 | D:6      | 6865 ||| Stepping randomly (stuck).
  6866 | D:6      | 6866 ||| Stepping randomly (stuck).
  6867 | D:6      | 6867 ||| Stepping randomly (stuck).
  6868 | D:6      | 6868 ||| Stepping randomly (stuck).
  6869 | D:6      | 6869 ||| Stepping randomly (stuck).
  6870 | D:6      | 6870 ||| Stepping randomly (stuck).
  6871 | D:6      | 6871 ||| Stepping randomly (stuck).
  6872 | D:6      | 6872 ||| Stepping randomly (stuck).
  6873 | D:6      | 6873 ||| Stepping randomly (stuck).
  6874 | D:6      | 6874 ||| Stepping randomly (stuck).
  6875 | D:6      | 6875 ||| Stepping randomly (stuck).
  6876 | D:6      | 6876 ||| Stepping randomly (stuck).
  6877 | D:6      | 6877 ||| Stepping randomly (stuck).
  6878 | D:6      | 6878 ||| Stepping randomly (stuck).
  6879 | D:6      | 6879 ||| Stepping randomly (stuck).
  6880 | D:6      | 6880 ||| Stepping randomly (stuck).
  6881 | D:6      | 6881 ||| Stepping randomly (stuck).
  6882 | D:6      | 6882 ||| Stepping randomly (stuck).
  6883 | D:6      | 6883 ||| Stepping randomly (stuck).
  6884 | D:6      | 6884 ||| Stepping randomly (stuck).
  6885 | D:6      | 6885 ||| Stepping randomly (stuck).
  6886 | D:6      | 6886 ||| Stepping randomly (stuck).
  6887 | D:6      | 6887 ||| Stepping randomly (stuck).
  6888 | D:6      | 6888 ||| Stepping randomly (stuck).
  6889 | D:6      | 6889 ||| Stepping randomly (stuck).
  6890 | D:6      | 6890 ||| Stepping randomly (stuck).
  6891 | D:6      | 6891 ||| Stepping randomly (stuck).
  6892 | D:6      | 6892 ||| Stepping randomly (stuck).
  6893 | D:6      | 6893 ||| Stepping randomly (stuck).
  6894 | D:6      | 6894 ||| Stepping randomly (stuck).
  6895 | D:6      | 6895 ||| Stepping randomly (stuck).
  6896 | D:6      | 6896 ||| Stepping randomly (stuck).
  6897 | D:6      | 6897 ||| Stepping randomly (stuck).
  6898 | D:6      | 6898 ||| Stepping randomly (stuck).
  6899 | D:6      | 6899 ||| Stepping randomly (stuck).
  6900 | D:6      | 6900 ||| Stepping randomly (stuck).
  6901 | D:6      | 6901 ||| Stepping randomly (stuck).
  6902 | D:6      | 6902 ||| Stepping randomly (stuck).
  6903 | D:6      | 6903 ||| Stepping randomly (stuck).
  6904 | D:6      | 6904 ||| Stepping randomly (stuck).
  6905 | D:6      | 6905 ||| Stepping randomly (stuck).
  6906 | D:6      | 6906 ||| Stepping randomly (stuck).
  6907 | D:6      | 6907 ||| Stepping randomly (stuck).
  6908 | D:6      | 6908 ||| Stepping randomly (stuck).
  6909 | D:6      | 6909 ||| Stepping randomly (stuck).
  6910 | D:6      | 6910 ||| Stepping randomly (stuck).
  6911 | D:6      | 6911 ||| Stepping randomly (stuck).
  6912 | D:6      | 6912 ||| Stepping randomly (stuck).
  6913 | D:6      | 6913 ||| Stepping randomly (stuck).
  6914 | D:6      | 6914 ||| Stepping randomly (stuck).
  6915 | D:6      | 6915 ||| Stepping randomly (stuck).
  6916 | D:6      | 6916 ||| Stepping randomly (stuck).
  6917 | D:6      | 6917 ||| Stepping randomly (stuck).
  6918 | D:6      | 6918 ||| Stepping randomly (stuck).
  6919 | D:6      | 6919 ||| Stepping randomly (stuck).
  6920 | D:6      | 6920 ||| Stepping randomly (stuck).
  6921 | D:6      | 6921 ||| Stepping randomly (stuck).
  6922 | D:6      | 6922 ||| Stepping randomly (stuck).
  6923 | D:6      | 6923 ||| Stepping randomly (stuck).
  6924 | D:6      | 6924 ||| Stepping randomly (stuck).
  6925 | D:6      | 6925 ||| Stepping randomly (stuck).
  6926 | D:6      | 6926 ||| Stepping randomly (stuck).
  6927 | D:6      | 6927 ||| Stepping randomly (stuck).
  6928 | D:6      | 6928 ||| Stepping randomly (stuck).
  6929 | D:6      | 6929 ||| Stepping randomly (stuck).
  6930 | D:6      | 6930 ||| Stepping randomly (stuck).
  6931 | D:6      | 6931 ||| Stepping randomly (stuck).
  6932 | D:6      | 6932 ||| Stepping randomly (stuck).
  6933 | D:6      | 6933 ||| Stepping randomly (stuck).
  6934 | D:6      | 6934 ||| Stepping randomly (stuck).
  6935 | D:6      | 6935 ||| Stepping randomly (stuck).
  6936 | D:6      | 6936 ||| Stepping randomly (stuck).
  6937 | D:6      | 6937 ||| Stepping randomly (stuck).
  6938 | D:6      | 6938 ||| Stepping randomly (stuck).
  6939 | D:6      | 6939 ||| Stepping randomly (stuck).
  6940 | D:6      | 6940 ||| Stepping randomly (stuck).
  6941 | D:6      | 6941 ||| Stepping randomly (stuck).
  6942 | D:6      | 6942 ||| Stepping randomly (stuck).
  6943 | D:6      | 6943 ||| Stepping randomly (stuck).
  6944 | D:6      | 6944 ||| Stepping randomly (stuck).
  6945 | D:6      | 6945 ||| Stepping randomly (stuck).
  6946 | D:6      | 6946 ||| Stepping randomly (stuck).
  6947 | D:6      | 6947 ||| Stepping randomly (stuck).
  6948 | D:6      | 6948 ||| Stepping randomly (stuck).
  6949 | D:6      | 6949 ||| Stepping randomly (stuck).
  6950 | D:6      | 6950 ||| Stepping randomly (stuck).
  6951 | D:6      | 6951 ||| Stepping randomly (stuck).
  6952 | D:6      | 6952 ||| Stepping randomly (stuck).
  6953 | D:6      | 6953 ||| Stepping randomly (stuck).
  6954 | D:6      | 6954 ||| Stepping randomly (stuck).
  6955 | D:6      | 6955 ||| Stepping randomly (stuck).
  6956 | D:6      | 6956 ||| Stepping randomly (stuck).
  6957 | D:6      | 6957 ||| Stepping randomly (stuck).
  6958 | D:6      | 6958 ||| Stepping randomly (stuck).
  6959 | D:6      | 6959 ||| Stepping randomly (stuck).
  6960 | D:6      | 6960 ||| Stepping randomly (stuck).
  6961 | D:6      | 6961 ||| Stepping randomly (stuck).
  6962 | D:6      | 6962 ||| Stepping randomly (stuck).
  6963 | D:6      | 6963 ||| Stepping randomly (stuck).
  6964 | D:6      | 6964 ||| Stepping randomly (stuck).
  6965 | D:6      | 6965 ||| Stepping randomly (stuck).
  6966 | D:6      | 6966 ||| Stepping randomly (stuck).
  6967 | D:6      | 6967 ||| Stepping randomly (stuck).
  6968 | D:6      | 6968 ||| Stepping randomly (stuck).
  6969 | D:6      | 6969 ||| Stepping randomly (stuck).
  6970 | D:6      | 6970 ||| Stepping randomly (stuck).
  6971 | D:6      | 6971 ||| Stepping randomly (stuck).
  6972 | D:6      | 6972 ||| Stepping randomly (stuck).
  6973 | D:6      | 6973 ||| Stepping randomly (stuck).
  6974 | D:6      | 6974 ||| Stepping randomly (stuck).
  6975 | D:6      | 6975 ||| Stepping randomly (stuck).
  6976 | D:6      | 6976 ||| Stepping randomly (stuck).
  6977 | D:6      | 6977 ||| Stepping randomly (stuck).
  6978 | D:6      | 6978 ||| Stepping randomly (stuck).
  6979 | D:6      | 6979 ||| Stepping randomly (stuck).
  6980 | D:6      | 6980 ||| Stepping randomly (stuck).
  6981 | D:6      | 6981 ||| Stepping randomly (stuck).
  6982 | D:6      | 6982 ||| Stepping randomly (stuck).
  6983 | D:6      | 6983 ||| Stepping randomly (stuck).
  6984 | D:6      | 6984 ||| Stepping randomly (stuck).
  6985 | D:6      | 6985 ||| Stepping randomly (stuck).
  6986 | D:6      | 6986 ||| Stepping randomly (stuck).
  6987 | D:6      | 6987 ||| Stepping randomly (stuck).
  6988 | D:6      | 6988 ||| Stepping randomly (stuck).
  6989 | D:6      | 6989 ||| Stepping randomly (stuck).
  6990 | D:6      | 6990 ||| Stepping randomly (stuck).
  6991 | D:6      | 6991 ||| Stepping randomly (stuck).
  6992 | D:6      | 6992 ||| Stepping randomly (stuck).
  6993 | D:6      | 6993 ||| Stepping randomly (stuck).
  6994 | D:6      | 6994 ||| Stepping randomly (stuck).
  6995 | D:6      | 6995 ||| Stepping randomly (stuck).
  6996 | D:6      | 6996 ||| Stepping randomly (stuck).
  6997 | D:6      | 6997 ||| Stepping randomly (stuck).
  6998 | D:6      | 6998 ||| Stepping randomly (stuck).
  6999 | D:6      | 6999 ||| Stepping randomly (stuck).
  7000 | D:6      | 7000 ||| Stepping randomly (stuck).
  7001 | D:6      | 7001 ||| Stepping randomly (stuck).
  7002 | D:6      | 7002 ||| Stepping randomly (stuck).
  7003 | D:6      | 7003 ||| Stepping randomly (stuck).
  7004 | D:6      | 7004 ||| Stepping randomly (stuck).
  7005 | D:6      | 7005 ||| Stepping randomly (stuck).
  7006 | D:6      | 7006 ||| Stepping randomly (stuck).
  7007 | D:6      | 7007 ||| Stepping randomly (stuck).
  7008 | D:6      | 7008 ||| Stepping randomly (stuck).
  7009 | D:6      | 7009 ||| Stepping randomly (stuck).
  7010 | D:6      | 7010 ||| Stepping randomly (stuck).
  7011 | D:6      | 7011 ||| Stepping randomly (stuck).
  7012 | D:6      | 7012 ||| Stepping randomly (stuck).
  7013 | D:6      | 7013 ||| Stepping randomly (stuck).
  7014 | D:6      | 7014 ||| Stepping randomly (stuck).
  7015 | D:6      | 7015 ||| Stepping randomly (stuck).
  7016 | D:6      | 7016 ||| Stepping randomly (stuck).
  7017 | D:6      | 7017 ||| Stepping randomly (stuck).
  7018 | D:6      | 7018 ||| Stepping randomly (stuck).
  7019 | D:6      | 7019 ||| Stepping randomly (stuck).
  7020 | D:6      | 7020 ||| Stepping randomly (stuck).
  7021 | D:6      | 7021 ||| Stepping randomly (stuck).
  7022 | D:6      | 7022 ||| Stepping randomly (stuck).
  7023 | D:6      | 7023 ||| Stepping randomly (stuck).
  7024 | D:6      | 7024 ||| Stepping randomly (stuck).
  7025 | D:6      | 7025 ||| Stepping randomly (stuck).
  7026 | D:6      | 7026 ||| Stepping randomly (stuck).
  7027 | D:6      | 7027 ||| Stepping randomly (stuck).
  7028 | D:6      | 7028 ||| Stepping randomly (stuck).
  7029 | D:6      | 7029 ||| Stepping randomly (stuck).
  7030 | D:6      | 7030 ||| Stepping randomly (stuck).
  7031 | D:6      | 7031 ||| Stepping randomly (stuck).
  7032 | D:6      | 7032 ||| Stepping randomly (stuck).
  7033 | D:6      | 7033 ||| Stepping randomly (stuck).
  7034 | D:6      | 7034 ||| Stepping randomly (stuck).
  7035 | D:6      | 7035 ||| Stepping randomly (stuck).
  7036 | D:6      | 7036 ||| Stepping randomly (stuck).
  7037 | D:6      | 7037 ||| Stepping randomly (stuck).
  7038 | D:6      | 7038 ||| Stepping randomly (stuck).
  7039 | D:6      | 7039 ||| Stepping randomly (stuck).
  7040 | D:6      | 7040 ||| Stepping randomly (stuck).
  7041 | D:6      | 7041 ||| Stepping randomly (stuck).
  7042 | D:6      | 7042 ||| Stepping randomly (stuck).
  7043 | D:6      | 7043 ||| Stepping randomly (stuck).
  7044 | D:6      | 7044 ||| Stepping randomly (stuck).
  7045 | D:6      | 7045 ||| Stepping randomly (stuck).
  7046 | D:6      | 7046 ||| Stepping randomly (stuck).
  7047 | D:6      | 7047 ||| Stepping randomly (stuck).
  7048 | D:6      | 7048 ||| Stepping randomly (stuck).
  7049 | D:6      | 7049 ||| Stepping randomly (stuck).
  7050 | D:6      | 7050 ||| Stepping randomly (stuck).
  7051 | D:6      | 7051 ||| Stepping randomly (stuck).
  7052 | D:6      | 7052 ||| Stepping randomly (stuck).
  7053 | D:6      | 7053 ||| Stepping randomly (stuck).
  7054 | D:6      | 7054 ||| Stepping randomly (stuck).
  7055 | D:6      | 7055 ||| Stepping randomly (stuck).
  7056 | D:6      | 7056 ||| Stepping randomly (stuck).
  7057 | D:6      | 7057 ||| Stepping randomly (stuck).
  7058 | D:6      | 7058 ||| Stepping randomly (stuck).
  7059 | D:6      | 7059 ||| Stepping randomly (stuck).
  7060 | D:6      | 7060 ||| Stepping randomly (stuck).
  7061 | D:6      | 7061 ||| Stepping randomly (stuck).
  7062 | D:6      | 7062 ||| Stepping randomly (stuck).
  7063 | D:6      | 7063 ||| Stepping randomly (stuck).
  7064 | D:6      | 7064 ||| Stepping randomly (stuck).
  7065 | D:6      | 7065 ||| Stepping randomly (stuck).
  7066 | D:6      | 7066 ||| Stepping randomly (stuck).
  7067 | D:6      | 7067 ||| Stepping randomly (stuck).
  7068 | D:6      | 7068 ||| Stepping randomly (stuck).
  7069 | D:6      | 7069 ||| Stepping randomly (stuck).
  7070 | D:6      | 7070 ||| Stepping randomly (stuck).
  7071 | D:6      | 7071 ||| Stepping randomly (stuck).
  7072 | D:6      | 7072 ||| Stepping randomly (stuck).
  7073 | D:6      | 7073 ||| Stepping randomly (stuck).
  7074 | D:6      | 7074 ||| Stepping randomly (stuck).
  7075 | D:6      | 7075 ||| Stepping randomly (stuck).
  7076 | D:6      | 7076 ||| Stepping randomly (stuck).
  7077 | D:6      | 7077 ||| Stepping randomly (stuck).
  7078 | D:6      | 7078 ||| Stepping randomly (stuck).
  7079 | D:6      | 7079 ||| Stepping randomly (stuck).
  7080 | D:6      | 7080 ||| Stepping randomly (stuck).
  7081 | D:6      | 7081 ||| Stepping randomly (stuck).
  7082 | D:6      | 7082 ||| Stepping randomly (stuck).
  7083 | D:6      | 7083 ||| Stepping randomly (stuck).
  7084 | D:6      | 7084 ||| Stepping randomly (stuck).
  7085 | D:6      | 7085 ||| Stepping randomly (stuck).
  7086 | D:6      | 7086 ||| Stepping randomly (stuck).
  7087 | D:6      | 7087 ||| Stepping randomly (stuck).
  7088 | D:6      | 7088 ||| Stepping randomly (stuck).
  7089 | D:6      | 7089 ||| Stepping randomly (stuck).
  7090 | D:6      | 7090 ||| Stepping randomly (stuck).
  7091 | D:6      | 7091 ||| Stepping randomly (stuck).
  7092 | D:6      | 7092 ||| Stepping randomly (stuck).
  7093 | D:6      | 7093 ||| Stepping randomly (stuck).
  7094 | D:6      | 7094 ||| Stepping randomly (stuck).
  7095 | D:6      | 7095 ||| Stepping randomly (stuck).
  7096 | D:6      | 7096 ||| Stepping randomly (stuck).
  7097 | D:6      | 7097 ||| Stepping randomly (stuck).
  7098 | D:6      | 7098 ||| Stepping randomly (stuck).
  7099 | D:6      | 7099 ||| Stepping randomly (stuck).
  7100 | D:6      | 7100 ||| Stepping randomly (stuck).
  7101 | D:6      | 7101 ||| Stepping randomly (stuck).
  7102 | D:6      | 7102 ||| Stepping randomly (stuck).
  7103 | D:6      | 7103 ||| Stepping randomly (stuck).
  7104 | D:6      | 7104 ||| Stepping randomly (stuck).
  7105 | D:6      | 7105 ||| Stepping randomly (stuck).
  7106 | D:6      | 7106 ||| Stepping randomly (stuck).
  7107 | D:6      | 7107 ||| Stepping randomly (stuck).
  7108 | D:6      | 7108 ||| Stepping randomly (stuck).
  7109 | D:6      | 7109 ||| Stepping randomly (stuck).
  7110 | D:6      | 7110 ||| Stepping randomly (stuck).
  7111 | D:6      | 7111 ||| Stepping randomly (stuck).
  7112 | D:6      | 7112 ||| Stepping randomly (stuck).
  7113 | D:6      | 7113 ||| Stepping randomly (stuck).
  7114 | D:6      | 7114 ||| Stepping randomly (stuck).
  7115 | D:6      | 7115 ||| Stepping randomly (stuck).
  7116 | D:6      | 7116 ||| Stepping randomly (stuck).
  7117 | D:6      | 7117 ||| Stepping randomly (stuck).
  7118 | D:6      | 7118 ||| Stepping randomly (stuck).
  7119 | D:6      | 7119 ||| Stepping randomly (stuck).
  7120 | D:6      | 7120 ||| Stepping randomly (stuck).
  7121 | D:6      | 7121 ||| Stepping randomly (stuck).
  7122 | D:6      | 7122 ||| Stepping randomly (stuck).
  7123 | D:6      | 7123 ||| Stepping randomly (stuck).
  7124 | D:6      | 7124 ||| Stepping randomly (stuck).
  7125 | D:6      | 7125 ||| Stepping randomly (stuck).
  7126 | D:6      | 7126 ||| Stepping randomly (stuck).
  7127 | D:6      | 7127 ||| Stepping randomly (stuck).
  7128 | D:6      | 7128 ||| Stepping randomly (stuck).
  7129 | D:6      | 7129 ||| Stepping randomly (stuck).
  7130 | D:6      | 7130 ||| Stepping randomly (stuck).
  7131 | D:6      | 7131 ||| Stepping randomly (stuck).
  7132 | D:6      | 7132 ||| Stepping randomly (stuck).
  7133 | D:6      | 7133 ||| Stepping randomly (stuck).
  7134 | D:6      | 7134 ||| Stepping randomly (stuck).
  7135 | D:6      | 7135 ||| Stepping randomly (stuck).
  7136 | D:6      | 7136 ||| Stepping randomly (stuck).
  7137 | D:6      | 7137 ||| Stepping randomly (stuck).
  7138 | D:6      | 7138 ||| Stepping randomly (stuck).
  7139 | D:6      | 7139 ||| Stepping randomly (stuck).
  7140 | D:6      | 7140 ||| Stepping randomly (stuck).
  7141 | D:6      | 7141 ||| Stepping randomly (stuck).
  7142 | D:6      | 7142 ||| Stepping randomly (stuck).
  7143 | D:6      | 7143 ||| Stepping randomly (stuck).
  7144 | D:6      | 7144 ||| Stepping randomly (stuck).
  7145 | D:6      | 7145 ||| Stepping randomly (stuck).
  7146 | D:6      | 7146 ||| Stepping randomly (stuck).
  7147 | D:6      | 7147 ||| Stepping randomly (stuck).
  7148 | D:6      | 7148 ||| Stepping randomly (stuck).
  7149 | D:6      | 7149 ||| Stepping randomly (stuck).
  7150 | D:6      | 7150 ||| Stepping randomly (stuck).
  7151 | D:6      | 7151 ||| Stepping randomly (stuck).
  7152 | D:6      | 7152 ||| Stepping randomly (stuck).
  7153 | D:6      | 7153 ||| Stepping randomly (stuck).
  7154 | D:6      | 7154 ||| Stepping randomly (stuck).
  7155 | D:6      | 7155 ||| Stepping randomly (stuck).
  7156 | D:6      | 7156 ||| Stepping randomly (stuck).
  7157 | D:6      | 7157 ||| Stepping randomly (stuck).
  7158 | D:6      | 7158 ||| Stepping randomly (stuck).
  7159 | D:6      | 7159 ||| Stepping randomly (stuck).
  7160 | D:6      | 7160 ||| Stepping randomly (stuck).
  7161 | D:6      | 7161 ||| Stepping randomly (stuck).
  7162 | D:6      | 7162 ||| Stepping randomly (stuck).
  7163 | D:6      | 7163 ||| Stepping randomly (stuck).
  7164 | D:6      | 7164 ||| Stepping randomly (stuck).
  7165 | D:6      | 7165 ||| Stepping randomly (stuck).
  7166 | D:6      | 7166 ||| Stepping randomly (stuck).
  7167 | D:6      | 7167 ||| Stepping randomly (stuck).
  7168 | D:6      | 7168 ||| Stepping randomly (stuck).
  7169 | D:6      | 7169 ||| Stepping randomly (stuck).
  7170 | D:6      | 7170 ||| Stepping randomly (stuck).
  7171 | D:6      | 7171 ||| Stepping randomly (stuck).
  7172 | D:6      | 7172 ||| Stepping randomly (stuck).
  7173 | D:6      | 7173 ||| Stepping randomly (stuck).
  7174 | D:6      | 7174 ||| Stepping randomly (stuck).
  7175 | D:6      | 7175 ||| Stepping randomly (stuck).
  7176 | D:6      | 7176 ||| Stepping randomly (stuck).
  7177 | D:6      | 7177 ||| Stepping randomly (stuck).
  7178 | D:6      | 7178 ||| Stepping randomly (stuck).
  7179 | D:6      | 7179 ||| Stepping randomly (stuck).
  7180 | D:6      | 7180 ||| Stepping randomly (stuck).
  7181 | D:6      | 7181 ||| Stepping randomly (stuck).
  7182 | D:6      | 7182 ||| Stepping randomly (stuck).
  7183 | D:6      | 7183 ||| Stepping randomly (stuck).
  7184 | D:6      | 7184 ||| Stepping randomly (stuck).
  7185 | D:6      | 7185 ||| Stepping randomly (stuck).
  7186 | D:6      | 7186 ||| Stepping randomly (stuck).
  7187 | D:6      | 7187 ||| Stepping randomly (stuck).
  7188 | D:6      | 7188 ||| Stepping randomly (stuck).
  7189 | D:6      | 7189 ||| Stepping randomly (stuck).
  7190 | D:6      | 7190 ||| Stepping randomly (stuck).
  7191 | D:6      | 7191 ||| Stepping randomly (stuck).
  7192 | D:6      | 7192 ||| Stepping randomly (stuck).
  7193 | D:6      | Quit the game

Levels and vault maps discovered:
D:1:      noname_arrival_rooms_in_the_neighbourhood, layout_basic,
          hellmonk_ecumenical_altar_arch_garden
D:2:      layout_basic, minmay_statues_item, uniq_robin
D:3:      layout_basic, ashenzari_conservatory_becter, gup_sewer_entry_bubbles,
          kennysheep_donut
D:4:      layout_rooms, old_standard_altar, enter_ossuary_4
D:5:      layout_basic, marbit_many_paths, uniq_grinder
D:6:      layout_loops_ring, nicolae_overflow_hidden_temple,
          minmay_temple_entry_from_below_a

Skill      XL: |  1  2  3  4  5  6  7  8 |
---------------+-------------------------+-----
Axes           | 3 4 5 6 7 8 |  8.7
Fighting       | 3 |  3.1
Dodging        | 3 4 |  4.7
Armour         | 3 |  3.8
Throwing       | 2 |  2.0
Spellcasting   | |  2.0
Translocations | |  2.4

Action                   |  1- 3 |  4- 6 |  7- 9 || total
-------------------------+-------+-------+-------++-------
Melee: Hand axe          |    42 |       |       ||    42
       Kick              |     9 |    36 |    16 ||    61
       Peck              |     7 |    17 |    12 ||    36
       Punch             |     2 |     1 |       ||     3
       Broad axe         |    26 |   169 |    64 ||   259
Throw: Boomerang         |     7 |       |       ||     7
       Javelin           |       |     8 |    17 ||    25
  Use: Scroll            |     3 |     5 |    16 ||    24
       Potion            |       |     7 |     2 ||     9
 Stab: Invisible         |       |     1 |       ||     1
Armor: Leather armour    |    16 |     2 |     9 ||    27
       Ring mail         |       |    39 |     6 ||    45
       Chain mail        |       |       |     6 ||     6
Dodge: Dodged            |    26 |    91 |    54 ||   171

Table legend:
 A = Non-vault XP
 B = Vault XP
 C = Vault XP percentage of total XP
 D = Non-vault monster count
 E = Vault monster count
 F = Vault count percentage of total count
                 A         B        C        D         E       F
            +---------+---------+-------+---------+---------+-------
      Total |     997 |     711 |  41.6 |      92 |      50 |  35.2
            +---------+---------+-------+---------+---------+-------
        D:1 |      38 |       0 |   0.0 |      22 |       0 |   0.0
        D:2 |      31 |      38 |  55.1 |      11 |      13 |  54.2
        D:3 |     120 |      33 |  21.6 |      23 |       7 |  23.3
        D:4 |      97 |       2 |   2.0 |       7 |       2 |  22.2
        D:5 |     126 |     393 |  75.7 |      11 |       2 |  15.4
        D:6 |     585 |       0 |   0.0 |      18 |       0 |   0.0
    Ossuary |       0 |     245 | 100.0 |       0 |      26 | 100.0
            +---------+---------+-------+---------+---------+-------
